 Dungeon Crawl Stone Soup version 0.20.1-1-g8b1a95d (webtiles) character file.

243 vatarom the Gusty (level 5, 0/38 HPs)
             Began as a Draconian Air Elementalist on Sept 10, 2017.
             Slain by a hippogriff (4 damage)
             ... on level 3 of the Dungeon.
             The game lasted 00:08:09 (3050 turns).

vatarom the Gusty (Draconian Air Elementalist)      Turns: 3050, Time: 00:08:10

Health: 0/38       AC:  6    Str: 10    XL:     5   Next: 82%
Magic:  2/8        EV: 12    Int: 21    God:
Gold:   91         SH:  0    Dex: 12    Spells: 2/8 levels left

rFire    . . .     SeeInvis .   d - +0 flail
rCold    . . .     Gourm    .   (no shield)
rNeg     . . .     Faith    .   (armour unavailable)
rPois    .         Spirit   .   (helmet restricted)
rElec    .         Reflect  .   h - +0 cloak
rCorr    .         Harm     .   (no gloves)
MR       .....                  (no boots)
Stlth    ++........             (no amulet)
Regen    0.2/turn               (no ring)
MPRegen  0.2/turn               (no ring)

@: brilliant
A: unfitting armour, cold-blooded, AC +5
a: no special abilities


You were on level 3 of the Dungeon.
You were not hungry.

You visited 1 branch of the dungeon, and saw 3 of its levels.

You collected 91 gold pieces.

Inventory:

Hand Weapons
 d - a +0 flail (weapon)
Armour
 h - a +0 cloak (worn)
Wands
 j - a wand of confusion (30/48)
Scrolls
 e - a scroll of enchant armour
 f - 4 scrolls of identify
Potions
 g - a potion of resistance
 l - a potion of brilliance
Books
 a - a book of Air

   Spells                             Type                      Level
   a - Shock                          Conjuration/Air              1
   b - Swiftness                      Charms/Air                   2
   c - Static Discharge               Conjuration/Air              3
   d - Airstrike                      Air                          4
   e - Lightning Bolt                 Conjuration/Air              5
Comestibles
 b - a bread ration
 c - 2 meat rations
 i - 4 chunks of flesh


   Skills:
 - Level 1.7 Dodging
 - Level 1.7 Stealth
 - Level 2.0 Spellcasting
 + Level 1.6 Conjurations
 * Level 6.4 Air Magic


You had 2 spell levels left.
You knew the following spells:

 Your Spells              Type           Power        Failure   Level  Hunger
a - Shock                 Conj/Air       ####         1%          1    #......
b - Swiftness             Chrm/Air       ####....     1%          2    ##.....
c - Static Discharge      Conj/Air       ####....     1%          3    ###....


Dungeon Overview and Level Annotations

Branches:
Dungeon (3/15)

Altars:


Innate Abilities, Weirdness & Mutations

Your plain brown scales are hard. (AC +5)
You cannot fit into any form of body armour.
You are cold-blooded and may be slowed by cold attacks.


Message History

Casting: Static Discharge
Confirm with . or Enter, or press ? or * to list all spells.
The hippogriff is struck by lightning.
The hippogriff is severely wounded.
The lightning arcs!
You are struck by lightning.
* * * LOW HITPOINT WARNING * * *
The lightning arcs!
The hippogriff is struck by lightning.
The hippogriff is severely wounded.
The lightning grounds out.
The hippogriff completely misses you. The hippogriff pecks you.
* * * LOW HITPOINT WARNING * * *
The hippogriff claws you but does no damage.
Unknown command.
Unknown command.
A rat comes into view.
Some of the chunks of flesh in your inventory have rotted away.
The hippogriff bites you.
* * * LOW HITPOINT WARNING * * *
The hippogriff pecks you.
You die...

.. #......##### #### ...
#..........# ...##...
#..........# ######
............#..........# #.....
............####.......# #.###.
............# #.......# #.# #.
............####.......#####.# #.
....#.......+..'.......'.....# #.
..#.........####@......#########.
..#.............H.<#...........#.
#)#................#.#########.#.
#'#.######.....................#.
.[..(..###.........#.###########.
.......+.............>...........
.......##...#####............####
.......##...#................#
..............###............#


You could see a hippogriff.

Vanquished Creatures
  A centaur (D:2)
  5 gnolls
  4 adders
  3 oozes
  A worm (D:2)
  A dart slug (D:1)
  A leopard gecko (D:2)
  An orc (D:3)
  4 giant cockroaches
  4 goblins
  13 hobgoblins
  3 quokkas
  A ball python (D:1)
  6 bats
  2 frilled lizards
  11 kobolds
  6 rats
67 creatures vanquished.

Notes
Turn   | Place    | Note
-------+----------+-------------------------------------------
     0 | D:1      | vatarom the Draconian Air Elementalist began the quest for the Orb.
     0 | D:1      | Reached XP level 1. HP: 14/14 MP: 3/3
   172 | D:1      | Reached XP level 2. HP: 20/20 MP: 0/5
   259 | D:1      | Reached skill level 4 in Air Magic
   860 | D:1      | Reached XP level 3. HP: 25/26 MP: 3/6
   865 | D:1      | Learned a level 2 spell: Swiftness
   869 | D:1      | Learned a level 3 spell: Static Discharge
  1700 | D:2      | Reached XP level 4. HP: 23/33 MP: 1/7
  1801 | D:2      | Reached skill level 5 in Air Magic
  2241 | D:2      | Noticed a centaur
  2259 | D:2      | Killed a centaur
  2259 | D:2      | Reached skill level 6 in Air Magic
  2259 | D:2      | Reached XP level 5. HP: 21/38 MP: 4/8
  2800 | D:3      | Found a faded altar of an unknown god.
  3020 | D:3      | Noticed a hippogriff
  3050 | D:3      | Slain by a hippogriff

Skill      XL: |  1  2  3  4 |
---------------+-------------+-----
Air Magic      | 4 6 |  6.4
Dodging        | |  1.7
Stealth        | |  1.7
Spellcasting   | |  2.0
Conjurations   | |  1.6

Action                   |  1- 3 |  4- 6 || total
-------------------------+-------+-------++-------
Melee: Unarmed           |    15 |       ||    15
       Tailslap          |     3 |     1 ||     4
       Flail             |    31 |    33 ||    64
 Cast: Shock             |    62 |    30 ||    92
       Static Discharge  |       |     9 ||     9
  Use: Scroll            |     5 |       ||     5
       Potion            |     5 |     3 ||     8
 Stab: Sleeping          |     1 |     2 ||     3
       Distracted        |       |     1 ||     1
  Eat: Chunk             |     4 |     5 ||     9
Armor: Skin              |    22 |    15 ||    37
Dodge: Dodged            |    49 |    38 ||    87
